 Dungeon Crawl Stone Soup version 0.19.1 (webtiles) character file.

62 smedtjen the Skirmisher (level 4, 0/49 HPs)
             Began as an Ogre Berserker on Nov 24, 2016.
             Was a Believer of Trog.
             Succumbed to an adder's poison
             ... on level 2 of the Dungeon.
             The game lasted 00:05:20 (1935 turns).

smedtjen the Skirmisher (Ogre Berserker)            Turns: 1935, Time: 00:05:20

Health: 0/49       AC:  3    Str: 23    XL:     4   Next: 8%
Magic:  4/4        EV: 10    Int:  6    God:    Trog [**....]
Gold:   68         SH:  0    Dex:  9    Spells: 0 memorised, 3 levels left

rFire  . . .     SeeInvis .     a - +0 hand axe
rCold  + . .     Gourm    .     b - +0 animal skin
rNeg   . . .     Faith    .     (no shield)
rPois  .         Spirit   .     (helmet restricted)
rElec  .         Reflect  .     (no cloak)
rCorr  .         Harm     .     (gloves unavailable)
MR     .....                    (boots unavailable)
Stlth  +.........               (no amulet)
                                (no ring)
                                h - ring of protection from cold

@: lethally poisoned (0 -> -8)
A: unfitting armour, tough skin 1
a: Berserk, Trog's Hand, Burn Spellbooks, Renounce Religion


You were on level 2 of the Dungeon.
You worshipped Trog.
Trog was pleased with you.
You were not hungry.

You visited 1 branch of the dungeon, and saw 2 of its levels.

You collected 68 gold pieces.

Inventory:

Hand Weapons
 a - a +0 hand axe (weapon)
Armour
 b - a +0 animal skin (worn)
Jewellery
 h - a ring of protection from cold (left hand)
Scrolls
 e - 2 scrolls of recharging {unknown}
 f - a scroll of magic mapping {unknown}
 i - a scroll of fog {unknown}
 k - a scroll of enchant weapon {unknown}
Potions
 j - 3 potions of degeneration {unknown}
Comestibles
 c - 2 bread rations
 d - a chunk of flesh
 g - a slice of pizza


   Skills:
 + Level 4.7 Fighting
 + Level 2.8 Axes
 + Level 3.2 Dodging
 + Level 0.4 Stealth


You had 3 spell levels left.
You didn't know any spells.

Dungeon Overview and Level Annotations

Branches:
Dungeon (2/15)

Altars:
Nemelex Xobeh


Innate Abilities, Weirdness & Mutations

You are too large for most types of armour.
You have tough skin. (AC +1)


Message History

The kobold shouts!
You hit the adder but do no damage.
* * * LOW HITPOINT WARNING * * *
You feel sick. The bat hits you.
* * * LOW HITPOINT WARNING * * *
The adder barely misses you. The adder bites you.
* * * LOW HITPOINT WARNING * * *
* * * LOW HITPOINT WARNING * * *
You feel sick. The bat hits you but does no damage.
There is a stone staircase leading down here.
* * * LOW HITPOINT WARNING * * *
You feel sick. The bat hits you but does no damage.
The bullfrog closely misses you.
* * * LOW HITPOINT WARNING * * *
You feel sick. The adder closely misses you.
* * * LOW HITPOINT WARNING * * *
You feel sick.
* * * LOW HITPOINT WARNING * * *
You feel sick.
You die...

#..........# ##........### #.
##........### #(......#...# ...
#........(..####.#.###.#...#
....
#.............##K......#...##..#
#..........##...b#######.......
#.............##F# ###.....
#..........÷..##S# ##.....#
##...............# ##..#...#
##.........#)..@###.......#
...####...####.............# ...
#..### ###....(......# ##. ...
#..# ######.....#.####.. ..
....# ........#.....#...## .
..... .⌠.####.####....# #.
_..............####.
.⌠................#.
.##............##.#.


You could see a bullfrog, an adder, a bat and a kobold.

Vanquished Creatures
  A gnoll (D:1)
  2 adders (D:2)
  An ooze (D:2)
  A leopard gecko (D:1)
  A ball python (D:1)
  10 bats
  A giant cockroach (D:2)
  2 goblins
  A hobgoblin (D:1)
  3 kobolds
  2 quokkas
  A frilled lizard (D:2)
  3 rats (D:1)
29 creatures vanquished.

Notes
Turn   | Place    | Note
-------+----------+-------------------------------------------
     0 | D:1      | smedtjen the Ogre Berserker began the quest for the Orb.
     0 | D:1      | Reached XP level 1. HP: 24/24 MP: 1/1
   270 | D:1      | Reached XP level 2. HP: 17/32 MP: 2/2
   960 | D:1      | Reached XP level 3. HP: 39/40 MP: 3/3
  1572 | D:2      | Reached XP level 4. HP: 30/49 MP: 4/4
  1652 | D:2      | Reached ** piety under Trog
  1821 | D:2      | Found a sparkling altar of Nemelex Xobeh.
  1926 | D:2      | Noticed a bullfrog
  1932 | D:2      | HP: 2/49 [poisoned by an adder]
  1935 | D:2      | Succumbed to an adder's poison

Skill      XL: |  1  2 |
---------------+-------+-----
Dodging        | 3 |  3.2
Fighting       | |  4.7
Axes           | |  2.8
Stealth        | |  0.4

Action                   |  1- 3 |  4- 6 || total
-------------------------+-------+-------++-------
Melee: Hand axe          |    84 |    32 ||   116
  Eat: Chunk             |     2 |       ||     2
       Beef jerky        |     1 |       ||     1
Armor: Animal skin       |    88 |    17 ||   105
Dodge: Dodged            |   101 |    31 ||   132
